 Dungeon Crawl Stone Soup version 0.31-a0-865-g3d5d91748a (webtiles) character file.

Game seed: 17969275524432640402

20 gelatine the Chucker (level 2, 0/21 HPs)
             Began as a Demonspawn Wanderer on Oct 11, 2023.
             Slain by a hobgoblin (2 damage)
             ... on level 2 of the Dungeon.
             The game lasted 00:02:30 (975 turns).

gelatine the Chucker (Demonspawn Wanderer)           Turns: 975, Time: 00:02:31

Health: 0/21       AC:  4    Str: 13    XL:     2   Next: 58%
Magic:  3/3        EV: 12    Int: 11    God:
Gold:   78         SH:  0    Dex: 13    Spells: 2/3 levels left

rFire   . . .        a - +0 dagger
rCold   . . .        (no shield)
rNeg    . . .        d - +0 leather armour
rPois   .            k - +0 helmet
rElec   .            (no cloak)
rCorr   .            (no gloves)
SInv    .            (no boots)
Will    .....        (no amulet)
Stlth   +            (no ring)
HPRegen 0.23/turn    (no ring)
MPRegen 0.08/turn

%: no passive effects
@: no status effects
A: powered by death 1
a: no special abilities


You were on level 2 of the Dungeon.
You visited 1 branch of the dungeon, and saw 2 of its levels.

You collected 78 gold pieces.

Inventory:

Hand Weapons
 a - a +0 dagger (weapon)
Missiles
 c - 11 poisoned darts
Armour
 d - a +0 leather armour (worn)
 k - a +0 helmet (worn)
Scrolls
 b - a scroll of identify {unknown}
 i - 2 scrolls of enchant armour {unknown}
 j - a scroll of teleportation {unknown}
 n - a scroll of torment {unknown}
 o - a scroll of enchant weapon {unknown}
Potions
 e - a potion of lignification
 f - a potion of might {unknown}
 g - 2 potions of resistance {unknown}
 l - a potion of brilliance {unknown}
 m - 3 potions of magic {unknown}


   Skills:
 * Level 1.1 Fighting
 + Level 3.9 Throwing
 * Level 1.2 Armour
 * Level 2.0 Dodging
 * Level 0.1 Stealth
 * Level 1.1 Spellcasting
 * Level 0.2 Conjurations
 + Level 1.1 Necromancy


You had 2 spell levels left.
You knew the following spells:

 Your Spells              Type           Power      Damage    Failure   Level
a - Kiss of Death         Conj/Necr      8%         2d6       30%         1

Your spell library contained the following spells:

 Spells                   Type           Power      Damage    Failure   Level
 Vampiric Draining        Necr           3%         2d6       61%         3


Dungeon Overview and Level Annotations

Branches:
Dungeon (2/15)

Altars:

Shops:
D:1 :


Innate Abilities, Weirdness & Mutations

You regenerate a little health from kills.


Message History

The adder bites you.
You miss the adder.
The adder is almost dead.
The adder misses you.
You closely miss the adder.
The adder is almost dead.
The adder completely misses you. The adder barely misses you.
You miss the adder.
The adder is almost dead.
The adder closely misses you.
You miss the adder.
The adder is almost dead.
The adder bites you.
You barely miss the adder.
The adder is almost dead.
The adder closely misses you. The adder bites you.
You are poisoned.
The adder poisons you!
You hit the adder.
You kill the adder!
You feel sick.
You closely miss the hobgoblin.
You feel sick.
The hobgoblin hits you but does no damage.
You hit the hobgoblin but do no damage.
You feel sick. The hobgoblin misses you.
You hit the hobgoblin but do no damage.
You feel sick. The hobgoblin closely misses you.
You hit the hobgoblin.
The hobgoblin is lightly wounded.
You feel sick.
You are no longer poisoned.
The hobgoblin hits you.
* * * LOW HITPOINT WARNING * * *
You hit the hobgoblin but do no damage.
The hobgoblin is lightly wounded.
The hobgoblin misses you.
You barely miss the hobgoblin.
The hobgoblin is lightly wounded.
The hobgoblin hits you.
You die...

#.# #.# ..#
#.# #.# #.#
#.# #@# #g#
##J## #...#
#.#...###
#...<...#
#............
#./....$####.
###...###


You could see an endoplasm and a hobgoblin.

Vanquished Creatures
  An adder (D:2)
  An endoplasm (D:1)
  3 giant cockroaches
  A hobgoblin (D:1)
  2 bats
  A kobold (D:1)
  2 rats (D:1)
11 creatures vanquished.

Notes
Turn   | Place    | Note
-------+----------+-------------------------------------------
     0 | D:1      | gelatine the Demonspawn Wanderer began the quest for the
                  | Orb.
     0 | D:1      | gelatine set off with the following items: a +0 dagger, 2
                  | throwing nets, 11 poisoned darts, a +0 leather armour, a
                  | potion of lignification; and the following spell memorised:
                  | Kiss of Death; and the following spells available to
                  | memorise: Vampiric Draining.
     0 | D:1      | Reached XP level 1. HP: 15/15 MP: 2/2
   325 | D:1      | Found Titeem's Book Shop.
   739 | D:1      | Gained mutation: You regenerate a little health from kills.
                  | [demonic ancestry]
   739 | D:1      | Reached XP level 2. HP: 20/21 MP: 3/3
   975 | D:2      | Slain by a hobgoblin

Illustrated notes

Levels and vault maps discovered:
D:1:      saegor_arrival_fortress, layout_basic, serial_shops, shop,
          minmay_cut_off
D:2:      layout_loops_ring, basic_altar

Skill      XL: |  1 |
---------------+----+-----
Dodging        | 2 |  2.0
Fighting       | |  1.1
Throwing       | |  3.9
Armour         | |  1.2
Stealth        | |  0.1
Spellcasting   | |  1.1
Conjurations   | |  0.2
Necromancy     | |  1.1

Action                     || total
---------------------------++-------
  Melee: Dagger            ||    72
         Punch             ||     2
  Throw: Throwing net      ||     5
 Armour: Leather armour    ||    60
  Dodge: Dodged            ||    44

Table legend: (Time is in decaauts)
 A = Elapsed time spent in this place.
 B = Non-inter-level travel time spent in this place.
 C = Inter-level travel time spent in this place.
 D = Time resting spent in this place.
 E = Time spent auto-exploring this place.
 F = Levels seen in this place.
 G = Mean time per level.
                   A        B        C        D        E       F      G
               +--------+--------+--------+--------+--------+-----+--------+
         Total |    973 |    898 |     75 |      0 |    755 |   2 |  486.5 |
       Dungeon |    973 |    898 |     75 |      0 |    755 |   2 |  486.5 |
               +--------+--------+--------+--------+--------+-----+--------+

Top non-repeatable levels by time:
     D:1: 935 daAuts
     D:2: 38 daAuts
